 Dungeon Crawl Stone Soup version 0.17.0-15-g6d90897 (webtiles) character file.

105 SKei0 the Skirmisher (level 4, 0/30 HPs)
             Began as a Gargoyle Fighter on Nov 10, 2015.
             Killed from afar by an orc wizard (8 damage)
             ... with a puff of frost
             ... on level 3 of the Dungeon.
             The game lasted 00:06:40 (1626 turns).

SKei0 the Skirmisher (Gargoyle Fighter)             Turns: 1626, Time: 00:06:40

Health: 0/30       AC: 10    Str: 21    XL:     4   Next: 83%
Magic:  4/4        EV:  7    Int: 14    God:
Gold:   92         SH:  9    Dex:  9    Spells: 0 memorised, 3 levels left

rFire  . . .     SeeInvis .     a - +0 flail
rCold  . . .     Clarity  .     b - +0 scale mail
rNeg   + . .     SustAt   .     c - +0 shield
rPois  ∞         Gourm    .     (no helmet)
rElec  +         Spirit   .     (no cloak)
rCorr  .         Warding  .     (no gloves)
rMut   .         Stasis   .     (no boots)
MR     .....                    (no amulet)
Stlth  ..........               t - +6 ring of intelligence
                                q - +3 ring of slaying

@: not resistant to hostile enchantments, extremely unstealthy
A: negative energy resistance 1, electricity resistance, unbreathing,
petrification resistance, rot immunity, AC +3
a: no special abilities


You were on level 3 of the Dungeon.
You were not hungry.

You visited 1 branch of the dungeon, and saw 3 of its levels.

You collected 92 gold pieces.

Inventory:

Hand Weapons
 a - a +0 flail (weapon)
Armour
 b - a +0 scale mail (worn)
 c - a +0 shield (worn)
Jewellery
 q - a +3 ring of slaying (left hand)
 t - a +6 ring of intelligence (right hand)
Scrolls
 i - a scroll of enchant armour
 k - 4 scrolls of identify
 m - a scroll of fog
 n - a scroll of amnesia {unknown}
 o - a scroll of teleportation {unknown}
 p - a scroll of noise {unknown}
 u - a scroll of blinking {unknown}
 v - a scroll of recharging {unknown}
Potions
 d - a potion of might
 f - a potion of curing {unknown}
 s - 2 potions of cancellation {unknown}
Comestibles
 e - 2 bread rations
 g - a royal jelly
 h - a beef jerky
 j - 3 meat rations
 l - 3 fruits
 r - 2 chunks of flesh


   Skills:
 * Level 4.6 Fighting
 + Level 3.1 Maces & Flails
 + Level 4.1 Armour
 - Level 3.2 Shields


You had 3 spell levels left.
You didn't know any spells.

Dungeon Overview and Level Annotations

Branches:
Dungeon (3/15)

Altars:


Innate Abilities, Weirdness & Mutations

You are resistant to torment.
Your stone body is resilient (AC +3).
You are immune to poison.
You resist negative energy.
You are resistant to electric shocks.
You can survive without breathing.
You are immune to petrification.
You are immune to rotting.


Message History

You hit the orc wizard.
The orc wizard is almost dead.
The orc wizard hits you but does no damage.
The orc wizard hits you with a dagger.
* * * LOW HITPOINT WARNING * * *
The orc wizard points at you and mumbles some strange words.
You block the puff of flame.
You completely miss the orc wizard.
The orc wizard is almost dead.
The orc wizard mumbles some strange words.
The orc wizard flickers and vanishes!
Deactivating autopickup; reactivate with Ctrl-A.
Something hits you but does no damage.
You miss something. Something hits you but does no damage.
Something hits you but does no damage.
You closely miss something. Something hits you but does no damage.
You hear some strange, mumbled words.
A puff of frost appears from out of thin air!
The puff of frost hits you!
You die...

......#....###.######.########
###[###....).......<..# #
#.##....o....######## #
#.#>#.###.....######## #.....#
#.....).(....##
###.....###.....###.....###
........<.....##o).$..o....
###.....#.#...##{##.....###
............#.##@###o?.##
#########.#...##.# #.##
..........######.# .#
########### #.# .$ #.# .# #.#
.# #.. ###


You could see an orc.

Vanquished Creatures
  An orc priest (D:3)
  3 adders
  A worm (D:3)
  2 giant geckos
  3 orcs (D:3)
  3 ball pythons (D:1)
  6 goblins
  7 hobgoblins
  4 kobolds
  6 bats
  4 giant newts
  2 rats
42 creatures vanquished.

Notes
Turn   | Place    | Note
--------------------------------------------------------------
     0 | D:1      | SKei0 the Gargoyle Fighter began the quest for the Orb.
     0 | D:1      | Reached XP level 1. HP: 14/14 MP: 1/1
   240 | D:1      | Reached XP level 2. HP: 19/19 MP: 2/2
   863 | D:2      | Reached XP level 3. HP: 24/24 MP: 3/3
   928 | D:2      | Reached skill level 4 in Fighting
  1440 | D:3      | Reached XP level 4. HP: 27/29 MP: 4/4
  1626 | D:3      | Killed from afar by an orc wizard

Action                   |  1- 3 |  4- 6 || total
-------------------------+-------+-------++-------
Melee: Flail             |   164 |    29 ||   193
  Use: Scroll            |     4 |       ||     4
  Eat: Chunk             |     2 |     1 ||     3
